 Dungeon Crawl Stone Soup version 0.32-a0-132-g2d33c3cfaf (webtiles) character file.

Game seed: 18129929116729366232

97 mandarbmax the Shooter (level 4, -1/32 HPs)
             Began as a Barachi Hexslinger on Feb 10, 2024.
             Incinerated by a bombardier beetle (4 damage)
             ... with a burning spray
             ... on level 2 of the Dungeon.
             The game lasted 00:04:03 (1160 turns).

mandarbmax the Shooter (Barachi Hexslinger)         Turns: 1160, Time: 00:04:03

Health: -1/32      AC:  6    Str: 10    XL:     4   Next: 68%
Magic:  5/5        EV: 12    Int: 13    God:
Gold:   126        SH:  0    Dex: 16    Spells: 3/5 levels left

rFire   . . .        a - +1 sling
rCold   . . .        (no shield)
rNeg    . . .        c - +0 robe
rPois   .            (no helmet)
rElec   .            (no cloak)
rCorr   .            (no gloves)
SInv    .            (no boots)
Will    .....        m - amulet of regeneration
Stlth   +            l - +4 ring of protection
HPRegen 1.05/turn    (no ring)
MPRegen 0.09/turn

%: no passive effects
@: on fire, glowing, slow
A: amphibious, slowness 1, strong legs 1, +LOS
a: Hop


You were on level 2 of the Dungeon.
You visited 1 branch of the dungeon, and saw 2 of its levels.

You collected 126 gold pieces.

Inventory:

Hand Weapons
 a - a +1 sling (weapon)
Armour
 c - a +0 robe (worn)
Jewellery
 l - a +4 ring of protection (left hand)
 m - an amulet of regeneration (around neck)
Scrolls
 b - a scroll of poison
 d - a scroll of amnesia {unknown}
 f - 3 scrolls of identify {unknown}
 g - a scroll of enchant armour {unknown}
 i - a scroll of noise {unknown}
Potions
 e - a potion of lignification {unknown}
 h - a potion of ambrosia {unknown}
 j - a potion of curing {unknown}
 k - a potion of haste {unknown}


   Skills:
 - Level 1.2 Fighting
 * Level 4.7 Ranged Weapons
 - Level 2.1 Dodging
 - Level 1.1 Spellcasting
 - Level 3.2 Hexes
 - Level 1.1 Fire Magic


You had 3 spell levels left.
You knew the following spells:

 Your Spells              Type           Power      Damage    Failure   Level
a - Jinxbite              Hex            18%        N/A       11%         2

Your spell library contained the following spells:

 Spells                   Type           Power      Damage    Failure   Level
 Sigil of Binding         Hex            9%         N/A       22%         3
 Magic Dart               Conj           0%         1d3       28%         1
 Inner Flame              Hex/Fire       6%         N/A       34%         3
 Blink                    Tloc           0%         N/A       38%         2
 Call Imp                 Summ           0%         N/A       38%         2
 Cause Fear               Hex            4%         N/A       58%         4
 Dimensional Bullseye     Hex/Tloc       2%         N/A       80%         4


Dungeon Overview and Level Annotations

Branches:
Dungeon (2/15)

Altars:


Innate Abilities, Weirdness & Mutations

You are amphibious.
You cover ground slowly.
You can hop short distances.
You have an extended range of vision and can be seen from far away.


Message History

You shoot a sling bullet.
The sling bullet hits the bombardier beetle but does no damage.
The bombardier beetle is severely wounded.
The bombardier beetle sprays incendiary fluid at you.
The burning spray hits you.
You are covered in liquid fire!
You shoot a sling bullet.
The sling bullet barely misses the bombardier beetle.
The liquid fire burns you!
You shoot a sling bullet.
The sling bullet hits the bombardier beetle.
The bombardier beetle is almost dead.
The liquid fire burns you!
The bombardier beetle waves its antennae.
You shoot a sling bullet.
The sling bullet barely misses the bombardier beetle.
The liquid fire burns you!
The bombardier beetle sprays incendiary fluid at you.
The burning spray hits you.
You are even more covered in liquid fire!
You shoot a sling bullet.
The sling bullet hits the bombardier beetle.
You kill the bombardier beetle!
The liquid fire burns you!
You are too injured to fight recklessly!
You are on fire!
You shake off some of the fire as you move.
The liquid fire burns you!
There is an open door here.
You shake off some of the fire as you move.
The liquid fire burns you!
* * * LOW HITPOINT WARNING * * *
You shake off some of the fire as you move.
The liquid fire burns you!
* * * LOW HITPOINT WARNING * * *
Okay, then.
Found a dagger.
You shake off some of the fire as you move.
The liquid fire burns you!
You die...

..... #...# ... .# #.#
####.## #.# #..... ##'##
#.##.# ##...## #.##.###
##.....###>.....# #
##...@...##..#...#.#
#.........#..#...#.###
)..'.........'....†......
####.........#........###
##.......######)####
##.....## #.#.## ##...##
#..#.## ##'## #...#.# #.#
##...##


There were no monsters in sight!

Vanquished Creatures
  A bombardier beetle (D:2)
  A gnoll (D:1)
  An adder (D:2)
  2 ribbon worms (D:2)
  2 dart slugs (D:1)
  2 bats
  6 endoplasms
  A giant cockroach (D:1)
  3 goblins
  3 hobgoblins
  2 jackals (D:1)
  2 kobolds (D:1)
  3 quokkas
  3 ball pythons
  2 frilled lizards (D:1)
  5 rats
39 creatures vanquished.

Notes
Turn   | Place    | Note
-------+----------+-------------------------------------------
     0 | D:1      | mandarbmax the Barachi Hexslinger began the quest for the
                  | Orb.
     0 | D:1      | Reached XP level 1. HP: 15/15 MP: 2/2
    97 | D:1      | Reached XP level 2. HP: 21/21 MP: 3/3
   245 | D:1      | Reached skill level 3 in Ranged Weapons
   264 | D:1      | Found a faded altar of an unknown god.
   474 | D:1      | Reached XP level 3. HP: 25/26 MP: 4/4
   736 | D:2      | Learned a level 2 spell: Jinxbite
   940 | D:2      | Reached skill level 4 in Ranged Weapons
  1006 | D:2      | Reached XP level 4. HP: 32/32 MP: 2/5
  1116 | D:2      | Identified the +5 dagger "Gateser" {freeze, Int+3 Stlth+}
  1160 | D:2      | Incinerated by a bombardier beetle

Illustrated notes

Levels and vault maps discovered:
D:1:      eino_arrival_water_star, layout_basic, basic_ecumenical_altar,
          minmay_misc_feat_iff, nicolae_grassy_gnolls
D:2:      layout_loops_corners

Skill      XL: |  1  2  3 |
---------------+----------+-----
Ranged Weapons | 3 4 |  4.7
Fighting       | |  1.2
Dodging        | |  2.1
Spellcasting   | |  1.1
Hexes          | |  3.2
Fire Magic     | |  1.1

Action                     |  1- 3 |  4- 6 || total
---------------------------+-------+-------++-------
   Fire: Sling             |   117 |    27 ||   144
   Cast: Jinxbite          |     3 |       ||     3
Ability: Hop               |     2 |       ||     2
 Armour: Robe              |    42 |     5 ||    47
  Dodge: Dodged            |    35 |     2 ||    37

Table legend: (Time is in decaauts)
 A = Elapsed time spent in this place.
 B = Non-inter-level travel time spent in this place.
 C = Inter-level travel time spent in this place.
 D = Time resting spent in this place.
 E = Time spent auto-exploring this place.
 F = Levels seen in this place.
 G = Mean time per level.
                   A        B        C        D        E       F      G
               +--------+--------+--------+--------+--------+-----+--------+
         Total |   1354 |   1331 |     23 |     11 |   1030 |   2 |  677.0 |
       Dungeon |   1354 |   1331 |     23 |     11 |   1030 |   2 |  677.0 |
               +--------+--------+--------+--------+--------+-----+--------+

Top non-repeatable levels by time:
     D:1: 859 daAuts
     D:2: 494 daAuts
